Snorkel, lawful male human Samurai ----------- |.........| ------|.........|------ ......[...*<....|....)| `.| -----.|.........|----*| Z..-- |..)|.|.........|0|...| ......? |.|.|.-----------.|.--| -----.[@... |.|...................| |.....MV... |.|.-------.---------.---.---...--- |...|...^.|.|......*|.....|..*...% ---.|.-.|.---.-.|.---..+---.----- |*....|.......|...........| --------------------------- Snorkel the Ninja Experience level: 9 Strength: 18/02 Dexterity: 15 Constitution: 18 Intelligence: 9 Wisdom: 7 Charisma: 8 Health: 0(75) Energy: 25(25) AC: 0 Gold: 732 Moves: 2144 Your Inventory: Coins $ - 732 gold pieces Weapons a - an uncursed +0 katana (weapon in hand) b - an uncursed +3 wakizashi (alternate weapon; not wielded) c - an uncursed +0 yumi d - 18 uncursed +0 ya (in quiver) Armor e - an uncursed rustproof +0 splint mail (being worn) u - an [uncursed] +0 pair of iron shoes (being worn) x - an [uncursed] +0 dwarvish iron helm (being worn) Comestibles F - an [uncursed] eucalyptus leaf G - an [uncursed] gunyoki Scrolls I - an [uncursed] scroll of create monster K - an uncursed scroll of light L - a [cursed] unlabeled scroll [of blank paper] N - an [uncursed] scroll labeled JUYED AWK YACC [of remove curse] P - a [blessed] scroll of create monster Spellbooks s - an uncursed dog eared spellbook [of haste self] O - an [uncursed] gold spellbook [of detect monsters] Q - an [uncursed] yellow spellbook [of detect unseen] Potions g - an uncursed potion of levitation m - an uncursed potion of extra healing H - a potion of unholy water Rings p - an uncursed ring of teleport control (on left hand) q - an uncursed +1 ring of increase damage (on right hand) Wands t - an uncursed wand of light [0:14] y - an uncursed wand of digging [0:3] Tools z - an [uncursed] osaku B - an [uncursed] expensive camera [0:62] C - a [blessed] brass lantern (lit) J - an uncursed bag of tricks (0:14) Spells known in the end: Name Level Category Fail Memory Your skills at the end: Fighting Skills martial arts [Basic / Master] Weapon Skills short sword [Basic / Expert] long sword [Skilled / Expert] bow [Basic / Expert] Spellcasting Skills Final Attributes: You were piously aligned. Hunger level was 478. Your alignment was 20 / 20. Monster difficulty range was 1 - 10. Level difficulty was 11. You had teleport control. You had a +1 damage bonus. You were fast. Your luck was zero. You are dead. Vanquished creatures: an earth elemental 2 small mimics a shocking sphere an elf mummy a human mummy 2 giant spiders 2 gnome kings a brown pudding a blue jelly 2 human zombies a rope golem a snow ant a pony 8 gnome lords 4 gnomish wizards 2 kobold mummies 3 elf zombies a floating eye 2 kittens 2 dwarves 2 kobold shamans a rabid rat 2 green molds 65 gnomes 4 gnome zombies a jackal 2 goblins a sewer rat 2 grid bugs a lichen a kobold zombie 121 creatures vanquished. Voluntary challenges: You used a wielded weapon 172 times. You read items or engraved 7 times. You put on armor 4 times. You never genocided any monsters. You never polymorphed an object. You never changed form. You used no wishes. You never wrote Elbereth's name. You never encountered a bones level. You never used any Sokoban shortcuts. Dungeon overview: The Dungeons of Doom: levels 1 to 2 Level 1 a fountain a long staircase Level 2 a fountain stairs to The Gnomish Mines The Gnomish Mines: levels 3 to 11 Level 3 stairs to The Dungeons of Doom Level 6 many shops, a temple, a magic chest, some fountains Level 11 <- You were here History has recorded: On T:1 you entered the Dungeons of Doom to retrieve the Amulet of Yendor! On T:355 you reached level 2 of The Dungeons of Doom. On T:444 you advanced to experience level 2. On T:507 you reached level 1 of The Gnomish Mines. On T:511 you advanced to experience level 3. On T:519 you advanced to experience level 4. On T:694 you reached level 2 of The Gnomish Mines. On T:715 you advanced to experience level 5. On T:801 you reached level 3 of The Gnomish Mines. On T:839 you advanced to experience level 6. On T:907 you reached level 4 of The Gnomish Mines. On T:1086 you advanced to experience level 7. On T:1301 you reached level 5 of The Gnomish Mines. On T:1403 you reached level 6 of The Gnomish Mines. On T:1573 you advanced to experience level 8. On T:1609 you reached level 7 of The Gnomish Mines. On T:1839 you reached level 8 of The Gnomish Mines. On T:2009 you reached level 9 of The Gnomish Mines. On T:2034 you advanced to experience level 9. Latest messages: [HP-8=52] You kill the snow ant! Pick an object. A blue jelly on the floor of a room. You hit the blue jelly! You kill the blue jelly! [HP+1=53] You see here a blue jelly corpse. This blue jelly corpse tastes terrible! You stop eating the blue jelly corpse. The ettin mummy hits! (2x) [HP-13=40] You hit the kobold mummy! The ettin mummy hits! (2x) [HP-12=28] You hit the kobold mummy! You destroy the kobold mummy! The vampire lord hits! The vampire lord bites! Your blood is being drained! The ettin mummy hits! (2x) [HP-20=8] The ettin mummy hits! (2x) You die... Final status: Sayonara Snorkel the Samurai... You died in The Gnomish Mines on dungeon level 11 with 7323 points, and 732 pieces of gold, after 2144 moves. You were level 9 with a maximum of 75 hit points when you died.